 Dungeon Crawl Stone Soup version 0.30-a0-802-gb92711bcdf (webtiles) character file.

Game seed: 9505776454295315174

42 Jeffwins the Shooter (level 3, -4/24 HPs)
             Began as a Human Wanderer on Feb 24, 2023.
             Slain by a hobgoblin (6 damage)
             ... led by Robin
             ... on level 1 of the Dungeon.
             The game lasted 00:01:27 (902 turns).

Jeffwins the Shooter (Human Wanderer)                Turns: 902, Time: 00:01:28

Health: -4/24      AC:  2    Str: 10    XL:     3   Next: 80%
Magic:  3/3        EV: 11    Int: 14    God:
Gold:   21         SH:  0    Dex: 14    Spells: 2/2 levels left

rFire   . . .      SeeInvis .    a - +0 shortbow
rCold   . . .      Faith    .    (shield currently unavailable)
rNeg    . . .      Spirit   .    e - +0 robe
rPois   .          Reflect  .    (no helmet)
rElec   .          Harm     .    (no cloak)
rCorr   .          Rampage  .    (no gloves)
Will    .....                    (no boots)
Stlth   ++                       (no amulet)
HPRegen 0.24/turn                (no ring)
MPRegen 0.08/turn                (no ring)

@: no status effects
A: no striking features
a: no special abilities


You were on level 1 of the Dungeon.
You visited 1 branch of the dungeon, and saw 2 of its levels.

You collected 21 gold pieces.


   Skills:
 - Level 2.0 Short Blades
 * Level 3.6 Ranged Weapons
 + Level 1.1 Throwing
 - Level 2.0 Armour
 + Level 1.2 Stealth
 + Level 3.3 Evocations


You had 2 spell levels left.
You didn't know any spells.
Your spell library was empty.

Inventory:

Hand Weapons
 a - a +0 shortbow (weapon)
 b - a +0 short sword
Armour
 e - a +0 robe (worn)
 g - a +0 cloak
Wands
 c - a wand of polymorph (5)
Scrolls
 d - 2 scrolls of fear
 f - a scroll of identify {unknown}
 i - 2 scrolls of magic mapping {unknown}
Potions
 j - 2 potions of curing {unknown}
 k - a potion of mutation {unknown}
 l - a potion of ambrosia {unknown}
 m - a potion of attraction {unknown}
 n - a potion of heal wounds {unknown}
 o - 2 potions of flight {unknown}

Dungeon Overview and Level Annotations

Branches:
Dungeon (2/15)

Altars:

♣♣♣..####........................
.........†...###.#####.####.###.#
♣♣♣.....#....# #.# #.####.# #.# ▒
▒♣....###.## #.#####.##.#.# #.#
♣........####..........#.###.# ▒
▒♣.........^...................
♣♣♣..######.####.#####.#..#####.#
.....######.###(.g...#.#..#####.#
................@....#.#......#.#
............###......#.#.[#####.#
##..####....# #......#.#.....##.#
#..# ##.#.# #......#.#..##.##.#
#..#####.#.###......#.#..##.##.#
##.....).........................
................................#
.....##.#.#.####...#.#.#..#######
...#.##.#.#.#................#


You could see a hobgoblin (strong).


Message History

Robin is poisoned.
Robin convulses.
You kill Robin!
The hobgoblin hits you.
* * * LOW HITPOINT WARNING * * *
Unknown command.
Unknown command.
Fire: a) +0 shortbow
Press: ? - help, Q - select action, (/) - cycle Shift-Dir - straight line, f - hobgoblin
Aim: a hobgoblin (strong, 59% to hit)
You shoot an arrow.
The arrow completely misses the hobgoblin.
The hobgoblin closely misses you.
Unknown command.
Fire: a) +0 shortbow
Press: ? - help, Q - select action, (/) - cycle Shift-Dir - straight line, f/p - hobgoblin
Aim: a hobgoblin (strong, 59% to hit)
You shoot an arrow. The arrow barely misses the hobgoblin.
The hobgoblin hits you.
* * * LOW HITPOINT WARNING * * *
Unknown command.
Fire: a) +0 shortbow
Press: ? - help, Q - select action, (/) - cycle Shift-Dir - straight line, f/p - hobgoblin
Aim: a hobgoblin (strong, 59% to hit)
You shoot an arrow. The arrow hits the hobgoblin.
The hobgoblin is lightly wounded.
The hobgoblin hits you.
* * * LOW HITPOINT WARNING * * *
The hobgoblin hits you.
You die...

Skill      XL: |  1  2  3 |
---------------+----------+-----
Stealth        | 1 |  1.2
Throwing       | 1 |  1.1
Short Blades   | |  2.0
Ranged Weapons | |  3.6
Armour         | |  2.0
Evocations     | |  3.3

Action                     || total
---------------------------++-------
   Fire: Shortbow          ||    63
  Throw: Dart              ||     2
 Armour: Robe              ||     1
  Dodge: Dodged            ||    16

Levels and vault maps discovered:
D:1:      lightli_iron_boxes, layout_basic, minmay_stone_trees_medium
D:2:      layout_loops_ring, uniq_robin, uniq_natasha

Notes
Turn   | Place    | Note
-------+----------+-------------------------------------------
     0 | D:1      | Jeffwins the Human Wanderer began the quest for the Orb.
     0 | D:1      | Jeffwins set off with the following items: a +0 shortbow, a
                  | +0 short sword, a wand of polymorph (5), a scroll of fear,
                  | a +0 robe.
     0 | D:1      | Reached XP level 1. HP: 13/13 MP: 1/1
   224 | D:1      | Reached XP level 2. HP: 19/19 MP: 2/2
   507 | D:1      | Reached XP level 3. HP: 24/24 MP: 3/3
   511 | D:1      | Reached skill level 1 in Stealth
   726 | D:1      | Reached skill level 1 in Throwing
   883 | D:2      | Noticed Robin
   899 | D:1      | Killed Robin
   902 | D:1      | HP: 2/24 [hobgoblin[Robin] (1)]
   902 | D:1      | Slain by a hobgoblin

Vanquished Creatures
  Robin (D:1)
  2 dart slugs (D:1)
  3 ball pythons
  3 bats (D:1)
  2 endoplasms (D:1)
  5 hobgoblins
  2 jackals (D:1)
  2 frilled lizards (D:1)
  2 goblins (D:2)
  3 kobolds (D:1)
25 creatures vanquished.

Table legend: (Time is in decaauts)
 A = Elapsed time spent in this place.
 B = Non-inter-level travel time spent in this place.
 C = Inter-level travel time spent in this place.
 D = Time resting spent in this place.
 E = Time spent auto-exploring this place.
 F = Levels seen in this place.
 G = Mean time per level.
                   A        B        C        D        E       F      G
               +--------+--------+--------+--------+--------+-----+--------+
         Total |    923 |    888 |     35 |      0 |    749 |   2 |  461.5 |
       Dungeon |    923 |    888 |     35 |      0 |    749 |   2 |  461.5 |
               +--------+--------+--------+--------+--------+-----+--------+

Top non-repeatable levels by time:
     D:1: 896 daAuts
     D:2: 26 daAuts

Table legend:
 A = Non-vault XP
 B = Vault XP
 C = Vault XP percentage of total XP
 D = Non-vault monster count
 E = Vault monster count
 F = Vault count percentage of total count
                 A         B        C        D         E       F
            +---------+---------+-------+---------+---------+-------
      Total |      40 |      21 |  34.4 |      21 |       4 |  16.0
            +---------+---------+-------+---------+---------+-------
        D:1 |      39 |      16 |  29.1 |      20 |       1 |   4.8
        D:2 |       1 |       5 |  83.3 |       1 |       3 |  75.0
            +---------+---------+-------+---------+---------+-------
